 Dungeon Crawl Stone Soup version 0.16-a0-3939-g9a3e665 (webtiles) character file.

68 ketsa the Caller (level 4, 0/21 HPs)
             Began as a Vine Stalker Summoner on Feb 6, 2015.
             Slain by an orc wizard
             ... wielding a +0 dagger
              (1 damage)
             ... on level 2 of the Dungeon.
             The game lasted 00:08:53 (2080 turns).

ketsa the Caller (Vine Stalker Summoner)            Turns: 2080, Time: 00:08:53

Health: 0/21       AC:  2    Str: 10    XL:     4   Next: 19%
Magic:  0/9        EV: 12    Int: 16    God:
Gold:   107        SH:  0    Dex: 15    Spells: 2 memorised, 5 levels left

rFire  . . .     SeeInvis .       - Unarmed
rCold  . . .     Clarity  .     a - +0 robe
rNeg   . . .     SustAb   .     (no shield)
rPois  .         Gourm    .     (no helmet)
rElec  .         Spirit   +     (no cloak)
rCorr  .         Warding  .     (no gloves)
rMut   .         Stasis   .     (no boots)
MR     .....                    (no amulet)
Stlth  +++.......               (no ring)
                                n - +3 ring of slaying

@: very slightly contaminated, slowed, very slow, not resistant to hostile
enchantments, fairly stealthy
A: fangs 2, regeneration 1, magic shield, antimagic bite, no device heal 3, rot
immunity
a: no special abilities


You were on level 2 of the Dungeon.
You were very hungry.

You visited 1 branch of the dungeon, and saw 3 of its levels.

You collected 107 gold pieces.

Inventory:

Hand weapons
 i - a +0 dagger
 l - a +4 dagger
Missiles
 h - 8 needles of sleeping
Armour
 a - a +0 robe (worn)
 d - a +0 robe
 y - a +0 ring mail
Jewellery
 n - a +3 ring of slaying (left hand)
Scrolls
 e - a scroll of fear {unknown}
 f - a scroll of noise {unknown}
 k - a scroll of enchant weapon {unknown}
 m - 3 scrolls of identify {unknown}
 t - a scroll of random uselessness {unknown}
 u - a scroll of recharging {unknown}
 v - a scroll of amnesia {unknown}
 w - a scroll of fog {unknown}
 x - a scroll of teleportation {unknown}
Potions
 o - a potion of flight {unknown}
 p - 2 potions of haste {unknown}
 r - 3 potions of agility {unknown}
 s - a potion of poison {unknown}
Books
 b - a book of Callings

   Spells                             Type                      Level
   a - Summon Small Mammal            Summoning                    1
   b - Call Imp                       Summoning                    2
   c - Call Canine Familiar           Summoning                    3
   d - Summon Guardian Golem          Hexes/Summoning              4
   e - Summon Lightning Spire         Summoning/Air                4
   f - Summon Ice Beast               Ice/Summoning                4
Comestibles
 c - 3 bread rations
 g - 2 fruits
 j - a meat ration
 q - a beef jerky


   Skills:
 - Level 0.3 Fighting
 + Level 1.9 Dodging
 + Level 3.7 Stealth
 + Level 1.0 Unarmed Combat
 + Level 2.5 Spellcasting
 + Level 4.4 Summonings


You had 5 spell levels left.
You knew the following spells:

 Your Spells              Type           Power        Failure   Level  Hunger
a - Summon Small Mammal   Summ           ###.         3%          1    #......
b - Call Imp              Summ           ###.....     6%          2    ##.....


Dungeon Overview and Level Annotations

Branches:
Dungeon (3/15)

Altars:
Dithmenos


Innate Abilities, Weirdness & Mutations

You have extremely sharp teeth.
Your natural rate of healing is unusually fast.
When hurt, damage is shared between your health and your magic reserves.
Your bite disrupts and absorbs the magic of your enemies.
Potions and wands cannot restore your health.
You are immune to rotting.


Message History

Confirm with . or Enter, or press ? or * to list all spells.
A beastly little devil appears in a puff of frigid air.
Your bat closely misses the orc wizard.
The orc wizard closely misses you. The orc closely misses you.
The orc wizard points at you and mumbles some strange words.
The magic dart hits you!
You hit the orc wizard. Your bite misses the orc wizard.
The orc wizard is lightly wounded.
Your bat closely misses the orc wizard.
The orc wizard hits you with a dagger. The orc closely misses you.
The orc wizard casts a spell at you. The magic dart hits you!
* * * LOW HITPOINT WARNING * * *
Your bat hits the orc but does no damage.
Your white imp barely misses the orc wizard.
The orc misses your bat.
You hit the orc wizard. Your bite misses the orc wizard.
The orc wizard is heavily wounded.
Your bat misses the orc wizard. The orc wizard hits you with a dagger.
You die...

#.## #.## #... ########
#.## #......########...
#.####.#.....##.##
###.####...###......
#.o....#(#.# #....#.
##.b@##.#(#.###.#....
##..o..#.#.#........#.
##....5.....##.........
#...###...........#..#.
#..##.##..#............
##.#._.#.#####.#.##..#.
#.......#.......#.....
##.....##.......#...#.
###...##..............


You could see an orc wizard, an orc, a friendly white imp and a friendly bat.

Vanquished Creatures
  2 gnolls
  4 giant geckos
  4 bats
  A giant cockroach (D:1)
  3 goblins
  3 hobgoblins (D:1)
  5 jackals
  A giant newt (D:2)
  4 kobolds
  4 rats (D:1)
31 creatures vanquished.

Vanquished Creatures (collateral kills)
  2 gnolls (D:2)
  2 giant geckos (D:1)
  A bat (D:1)
  A goblin (D:1)
  A hobgoblin (D:3)
  A giant cockroach (D:1)
  A giant newt (D:2)
  4 kobolds
  A rat (D:2)
14 creatures vanquished.

Vanquished Creatures (others)
  5 bats
  A quokka (D:2)
  7 rats
13 creatures vanquished.

Grand Total: 58 creatures vanquished

Notes
Turn   | Place    | Note
--------------------------------------------------------------
     0 | D:1      | ketsa, the Vine Stalker Summoner, began the quest for the Orb.
     0 | D:1      | Reached XP level 1. HP: 9/9 MP: 3/3
   322 | D:1      | Reached XP level 2. HP: 1/14 MP: 6/6
   525 | D:1      | Learned a level 2 spell: Call Imp
   868 | D:1      | Reached XP level 3. HP: 15/17 MP: 7/7
  1518 | D:2      | Reached skill level 1 in Unarmed Combat
  1518 | D:2      | Reached XP level 4. HP: 3/21 MP: 2/9
  1692 | D:2      | Found a shadowy altar of Dithmenos.
  2079 | D:2      | HP: 1/21 [orc wizard/magic dart (8)]
  2080 | D:2      | Slain by an orc wizard

Action                   |  1- 3 |  4- 6 || total
-------------------------+-------+-------++-------
Melee: Unarmed           |   132 |    27 ||   159
 Cast: Summon Small Mamm |    30 |    10 ||    40
       Call Imp          |       |     1 ||     1
 Stab: Sleeping          |     2 |       ||     2
  Eat: Chunk             |     2 |     1 ||     3
